 Dungeon Crawl Stone Soup version 0.26.0-10-g1f06aea511 (webtiles) character file.

Game seed: 4066861513971001276

32751 Arum the Fighter (level 13, 0/99 HPs)
             Began as an Octopode Fighter on Jan 16, 2021.
             Was an Initiate of Gozag.
             Slain by a two-headed ogre
             ... wielding a +0 giant spiked club
              (26 damage)
             ... on level 14 of the Dungeon.
             The game lasted 00:37:48 (19446 turns).

Arum the Fighter (Octopode Fighter)                Turns: 19446, Time: 00:37:48

Health: 0/99       AC:  1    Str: 27    XL:     13   Next: 66%
Magic:  22/22      EV: 27    Int:  6    God:    Gozag
Gold:   795        SH:  6    Dex: 17    Spells: 12/12 levels left

rFire    + . .     SeeInvis +   O - +4 long sword "Qiunt" {vorpal, +Rage Will+ Str+7 Int-5}
rCold    + . .     Faith    .   A - +0 buckler
rNeg     . . .     Spirit   .   (helmet restricted)
rPois    +         Reflect  .   B - amulet of regeneration
rElec    .         Harm     .   n - ring of see invisible
rCorr    .         Rampage  .   p - +4 ring of evasion
Will     +....                  E - ring of magical power
Stlth    +++.......             J - ring of protection from fire
HPRegen  0.66/turn              T - ring of poison resistance
MPRegen  0.18/turn              S - ring of protection from cold
                                U - +6 ring of dexterity
                                (no ring)

@: gold aura
A: almost no armour, stealthy swim, amphibious, 8 rings, constrict 8, camouflage
1, gelatinous body 1
a: Renounce Religion, Evoke Berserk Rage, Potion Petition, Call Merchant, Bribe
Branch


You were on level 14 of the Dungeon.
You worshipped Gozag.
Gozag was pleased with you.
You visited 1 branch of the dungeon, and saw 14 of its levels.
You also visited: Sewer and Gauntlet.

You collected 4373 gold pieces.
You spent 340 gold pieces at shops.
You paid 3238 gold pieces to Gozag.

Inventory:

Hand Weapons
 O - the +4 long sword "Qiunt" (weapon) {vorpal, +Rage Will+ Str+7 Int-5}
   (You bought it in a shop on level 9 of the Dungeon)

   It inflicts extra damage upon your enemies.
   It affects your strength (+7).
   It affects your intelligence (-5).
   It affects your willpower, your defense against some magical effects.
   It lets you go berserk.
 P - a +2 long sword of holy wrath
Missiles
 o - 20 poisoned darts
 v - 8 atropa-tipped darts (quivered)
 L - a throwing net
 Q - 7 curare-tipped darts
 X - 15 javelins
Armour
 b - a +1 kite shield
 A - a +0 buckler (worn)
 W - a +2 tower shield of cold resistance
Jewellery
 a - the amulet "Zezimal" {Reflect *Slow rPois MP+9 Dex+8 SH+5}
   (You found it on level 12 of the Dungeon)

   [amulet of reflection]

   It shields you and reflects attacks.
   It affects your dexterity (+8).
   It protects you from poison.
   It affects your magic capacity (+9).
   It may slow you when you take damage.
   It affects your SH (+5).
 i - an uncursed amulet of guardian spirit
 n - a ring of see invisible (left tentacle)
 p - a +4 ring of evasion (right tentacle)
 r - an uncursed ring of ice
 B - an amulet of regeneration (around mantle)
 E - a ring of magical power (on tentacle)
 J - a ring of protection from fire (on tentacle)
 K - an uncursed amulet of reflection
 S - a ring of protection from cold (on tentacle)
 T - a ring of poison resistance (on tentacle)
 U - a +6 ring of dexterity (on tentacle)
Wands
 d - a wand of digging (10)
 t - a wand of polymorph (5)
 H - a wand of flame (31)
 N - a wand of acid (3)
 R - a wand of paralysis (18)
 Y - a wand of iceblast (3)
Scrolls
 k - 2 scrolls of magic mapping
 l - 10 scrolls of teleportation
 m - 6 scrolls of fear
 q - 5 scrolls of enchant weapon
 w - 14 scrolls of remove curse
 x - 2 scrolls of blinking
 y - 2 scrolls of enchant armour
 C - 2 scrolls of fog
 V - a scroll of summoning
Potions
 c - a potion of might
 e - 3 potions of heal wounds
 f - 4 potions of attraction
 g - 3 potions of haste
 h - 3 potions of magic
 j - a potion of invisibility
 s - 6 potions of curing
 u - 3 potions of flight
 z - 2 potions of mutation
 D - a potion of brilliance
 F - a potion of resistance
 G - a potion of ambrosia
 Z - a potion of berserk rage {unknown}
Miscellaneous
 I - a tin of tremorstones (1/2)
 M - a condenser vane


   Skills:
 + Level 13.0 Fighting
 + Level 12.8 Long Blades
 + Level 13.0 Dodging
 - Level 6.1 Shields


You had 12 spell levels left.
You didn't know any spells.
Your spell library contained the following spells:

 Spells                   Type           Power        Failure   Level
 Animate Skeleton         Necr           0%           45%         1
 Apportation              Tloc           0%           45%         1
 Corona                   Hex            0%           45%         1
 Foxfire                  Conj/Fire      0%           45%         1
 Freeze                   Ice            0%           45%         1
 Magic Dart               Conj           0%           45%         1
 Pain                     Necr           0%           45%         1
 Sting                    Tmut/Pois      0%           45%         1
 Summon Small Mammal      Summ           0%           45%         1
 Blink                    Tloc           N/A          58%         2
 Call Imp                 Summ           0%           58%         2
 Poisonous Vapours        Pois/Air       0%           58%         2
 Slow                     Hex            0%           58%         2
 Conjure Flame            Conj/Fire      0%           83%         3
 Ignite Poison            Fire/Tmut/Pois 0%           83%         3
 Mephitic Cloud           Conj/Pois/Air  0%           83%         3
 Ozocubu's Armour         Ice            0%           83%         3
 Ice Form                 Ice/Tmut       0%           99%         4
 Olgreb's Toxic Radiance  Pois           0%           99%         4
 Summon Lightning Spire   Summ/Air       0%           99%         4
 Bolt of Magma            Conj/Fire/Erth 0%           100%        5
 Fireball                 Conj/Fire      0%           100%        5
 Iskenderun's Battlesphe  Conj           0%           100%        5
 Silence                  Hex/Air        0%           100%        5
 Conjure Ball Lightning   Conj/Air       0%           100%        6
 Freezing Cloud           Conj/Ice/Air   0%           100%        6
 Iron Shot                Conj/Erth      0%           100%        6
 Simulacrum               Ice/Necr       0%           100%        6
 Starburst                Conj/Fire      0%           100%        6
 Orb of Destruction       Conj           0%           100%        7
 Spellforged Servitor     Conj/Summ      0%           100%        7
 Ignition                 Fire           0%           100%        8
 Tornado                  Air            0%           100%        9


Dungeon Overview and Level Annotations

Branches:
Dungeon (14/15)            Temple (0/1) D:6            Lair (0/6) D:9
    Orc (0/2) D:9          Vaults (0/5) D:13          Sewer (visited)
Gauntlet (visited)

Altars:
Ashenzari
Cheibriados
Dithmenos
Elyvilon
Gozag
Hepliaklqana
Kikubaaqudgha
Makhleb
Nemelex Xobeh
Sif Muna
Trog
Vehumet
Wu Jian
Xom
Zin
The Shining One

Shops:
D:6 *   D:7 }   D:9 (   D:11 (   D:12 (   D:13 *   D:14 (

Annotations:
D:8 2 transporters, Grum; jmlagarto's ghost, novice DDNe


Innate Abilities, Weirdness & Mutations

You cannot wear most types of armour.
You are very stealthy in the water. (Stealth+)
You are amphibious.
You can wear up to eight rings at the same time.
You can use your tentacles to constrict eight enemies at once.
Your skin changes colour to match your surroundings (Stealth+).
Your rubbery body absorbs attacks. (AC +1, EV +1)


Message History

The centaur becomes distracted by the nearby gold, dreaming of imaginary riches.
Unknown command.
You barely miss the two-headed ogre.
The centaur shouts!
You squeeze the two-headed ogre!
The two-headed ogre is lightly wounded.
Unknown command.
You hit the two-headed ogre.
Your squeeze misses the two-headed ogre.
The two-headed ogre is moderately wounded.
The two-headed ogre closely misses you. You block the two-headed ogre's attack.
Unknown command.
You slash the two-headed ogre!
The two-headed ogre is moderately wounded.
The centaur is no longer distracted by gold.
The two-headed ogre hits you with a +0 giant spiked club!!
* * * LOW HITPOINT WARNING * * *
The two-headed ogre hits you with a +0 giant club!!
You die...
Your body crumbles into a pile of gold.

..............
.####O...####
.####....####
.####....####
###....## ......
♣.$♣
#.########$(####
#......@Oc.....#
############...#
#...# #...#
#..(# #...#
#####...#
#.......#
#.......######


You could see a two-headed ogre and a centaur.

Vanquished Creatures
  A minotaur (Gauntlet)
  Snorg (D:10)
  A vault guard (D:13)
  Fannar (D:12)
  A catoblepas (Gauntlet)
  4 centaur warriors
  2 deep troll earth magi (D:12)
  3 two-headed ogres
  A death drake (Gauntlet)
  An unseen horror (shapeshifter) (D:12)
  4 unseen horrors
  3 wizards (D:13)
  A deep elf archer (D:12)
  A necromancer (D:13)
  2 cyclopes (D:12)
  2 ugly things
  A centaur zombie (Gauntlet)
  A manticore (D:13)
  A spectral centaur (Gauntlet)
  2 gargoyles (Gauntlet)
  A komodo dragon (D:14)
  3 centaur skeletons
  2 trolls
  5 slime creatures (D:12)
  A hornet (D:11)
  Grinder (Sewer)
  A wolf spider simulacrum (Gauntlet)
  A vampire (D:9)
  3 centaur simulacra (Gauntlet)
  A shadow (D:12)
  10 yaks
  A wyvern (D:8)
  2 vampire mosquitoes (D:12)
  20 humans (D:13)
  A hydra simulacrum (Gauntlet)
  A soldier ant (D:12)
  An acid dragon (D:11)
  A floating eye (shapeshifter) (D:12)
  4 ice beasts
  A sky beast (D:12)
  6 orc warriors
  An eye of draining (D:13)
  9 ogres
  2 necrophages
  A phantom (D:8)
  7 centaurs
  2 black bears
  4 big kobolds
  6 bullfrogs
  4 scorpions
  3 killer bees (D:13)
  A wyvern skeleton (D:13)
  3 wights (D:11)
  A howler monkey (D:13)
  5 electric eels (D:12)
  A bullfrog zombie (D:6)
  6 hounds
  3 quasits
  An iron imp (D:5)
  5 jellies
  3 bullfrog skeletons
  8 orc priests
  20 orc wizards
  3 iguanas
  7 worker ants
  A big kobold zombie (Sewer)
  A worker ant zombie (D:7)
  9 gnolls
  17 adders
  7 shadow imps
  4 white imps
  4 ufetubi
  3 oozes
  An adder skeleton (D:4)
  2 adder zombies
  3 worms
  2 dart slugs (D:1)
  5 leopard geckos
  47 orcs
  8 giant cockroaches
  27 hobgoblins
  8 jackals
  6 quokkas
  A ball python (D:1)
  8 bats
  2 frilled lizards
  32 goblins
  2 jackal skeletons (D:5)
  32 kobolds
  9 rats
448 creatures vanquished.

Vanquished Creatures (others)
  An ooze (Sewer)
  A kobold zombie (Sewer)
  13 plants
15 creatures vanquished.

Grand Total: 463 creatures vanquished

Notes
Turn   | Place    | Note
-------+----------+-------------------------------------------
     0 | D:1      | Arum the Octopode Fighter began the quest for the Orb.
     0 | D:1      | Reached XP level 1. HP: 16/16 MP: 1/1
   786 | D:1      | Reached XP level 2. HP: 20/21 MP: 2/2
  1213 | D:1      | Reached XP level 3. HP: 26/26 MP: 3/3
  1384 | D:2      | Found an opulent altar of Gozag.
  1392 | D:2      | Became a worshipper of Gozag Ym Sagoz the Greedy
  1824 | D:2      | Reached XP level 4. HP: 28/31 MP: 2/4
  2323 | D:3      | Found a white marble altar of Elyvilon.
  2438 | D:3      | Found a glowing drain.
  2461 | Sewer    | Entered a sewer
  2591 | Sewer    | Reached XP level 5. HP: 32/37 MP: 3/5
  2801 | Sewer    | Found a burning altar of Makhleb.
  3109 | Sewer    | Reached XP level 6. HP: 25/43 MP: 2/6
  3289 | Sewer    | Noticed Grinder
  3297 | Sewer    | Paralysed by Grinder for 3 turns
  3316 | Sewer    | Killed Grinder
  3317 | Sewer    | Reached XP level 7. HP: 18/49 MP: 4/7
  4176 | D:3      | Found a faded altar of an unknown god.
  4501 | D:4      | Reached skill level 5 in Shields
  4705 | D:4      | Reached skill level 5 in Fighting
  4856 | D:4      | Reached skill level 5 in Dodging
  5658 | D:4      | Reached XP level 8. HP: 13/55 MP: 2/8
  6092 | D:4      | Found an ornate altar of the Wu Jian Council.
  6170 | D:5      | Entered Level 5 of the Dungeon
  6195 | D:5      | Reached skill level 5 in Long Blades
  6197 | D:5      | Found a sparkling altar of Nemelex Xobeh.
  6436 | D:5      | Found a snail-covered altar of Cheibriados.
  6610 | D:5      | Found a bloodstained altar of Trog.
  6622 | D:5      | Found a hazy altar of Hepliaklqana.
  6764 | D:5      | Found a glowing silver altar of Zin.
  6764 | D:5      | Found a radiant altar of Vehumet.
  6804 | D:5      | Found a shimmering blue altar of Sif Muna.
  6837 | D:5      | Identified Sif Muna's Handbook of Unholy Rites
  7205 | D:5      | Found a glowing golden altar of the Shining One.
  7302 | D:6      | Found a shadowy altar of Dithmenos.
  7323 | D:6      | Reached XP level 9. HP: 63/63 MP: 9/9
  7435 | D:6      | Found a burning altar of Makhleb.
  7447 | D:6      | Found an opulent altar of Gozag.
  7450 | D:6      | Found a shimmering altar of Xom.
  7453 | D:6      | Found an ancient bone altar of Kikubaaqudgha.
  7629 | D:6      | Found a staircase to the Ecumenical Temple.
  7838 | D:6      | Found Ywoump's Elemental Accessories.
  7877 | D:6      | Found a broken altar of Ashenzari.
  8163 | D:7      | Found Poirch's Gadget Emporium.
  8929 | D:8      | Noticed Grum
  8941 | D:8      | Found a transporter.
  8964 | D:8      | Identified the cursed +0 kite shield of Music {Dex+3}
  8964 | D:8      | Noticed jmlagarto's ghost (novice DDNe)
  9080 | D:8      | Found a transporter.
  9103 | D:8      | Identified the ring "Zecot" {+Fly rC+ SInv}
  9611 | D:8      | Reached XP level 10. HP: 61/72 MP: 10/10
 10544 | D:9      | Found a staircase to the Orcish Mines.
 10602 | D:9      | Identified Sif Muna's Reference Book on the Blistering
                  | Snowflakes
 10873 | D:9      | Found a staircase to the Lair.
 11220 | D:9      | Bought a fading long sword for 340 gold pieces
 11221 | D:9      | Identified the +4 long sword "Qiunt" {vorpal, +Rage Will+
                  | Str+7 Int-5} (You bought it in a shop on level 9 of the
                  | Dungeon)
 11231 | D:10     | Entered Level 10 of the Dungeon
 11641 | D:10     | Noticed Snorg
 11651 | D:10     | Killed Snorg
 11712 | D:10     | Found a white marble altar of Elyvilon.
 12100 | D:11     | Found Feck's Antique Weapon Emporium.
 12110 | D:11     | Noticed a two-headed ogre
 12122 | D:11     | Killed a two-headed ogre
 12351 | D:11     | Noticed a red ugly thing
 12356 | D:11     | Killed a red ugly thing
 12357 | D:11     | Reached XP level 11. HP: 34/80 MP: 11/11
 12572 | D:11     | Noticed an unseen horror
 12576 | D:11     | Killed an unseen horror
 13354 | D:11     | Reached skill level 10 in Fighting
 13479 | D:12     | Noticed a two-headed ogre
 13488 | D:12     | Killed a two-headed ogre
 13489 | D:12     | Reached skill level 10 in Dodging
 13614 | D:12     | Noticed a cyclops
 13680 | D:12     | Killed a cyclops
 13719 | D:12     | Reached skill level 10 in Long Blades
 14590 | D:12     | Noticed a cyclops
 14595 | D:12     | Noticed Fannar
 14598 | D:12     | Killed a cyclops
 14615 | D:12     | HP: 4/82 [Fannar/bolt of cold (30)]
 14671 | D:12     | Killed Fannar
 14903 | D:12     | Got a fine bronze amulet
 14904 | D:12     | Identified the amulet "Zezimal" {Reflect *Slow rPois MP+9
                  | Dex+8 SH+5} (You found it on level 12 of the Dungeon)
 15129 | D:12     | Noticed a deep elf archer
 15133 | D:12     | Reached XP level 12. HP: 64/89 MP: 12/12
 15771 | D:12     | Noticed a centaur warrior
 15774 | D:12     | Noticed a deep troll earth mage
 15776 | D:12     | Noticed a deep troll earth mage
 15789 | D:12     | Killed a centaur warrior
 15801 | D:12     | Killed a deep troll earth mage
 15806 | D:12     | Killed a deep troll earth mage
 16032 | D:12     | Got an iridescent spear
 16033 | D:12     | Identified the +11 spear of Tyhemn Rama {vorpal, Str+4}
                  | (You found it on level 12 of the Dungeon)
 16212 | D:13     | Noticed a centaur warrior
 16220 | D:13     | Killed a centaur warrior
 16414 | D:13     | Noticed a two-headed ogre
 16420 | D:13     | Killed a two-headed ogre
 16432 | D:13     | Found a gate leading to a gauntlet.
 16441 | Gauntlet | Entered a Gauntlet
 16441 | Gauntlet | Found a transporter.
 16441 | Gauntlet | Found a transporter.
 16479 | Gauntlet | Noticed a catoblepas
 16687 | Gauntlet | Found a transporter.
 16687 | Gauntlet | Found a transporter.
 16689 | Gauntlet | Noticed a hell beast
 16690 | Gauntlet | Noticed a hell hog
 16697 | Gauntlet | Found a transporter.
 16707 | Gauntlet | Found a transporter.
 16707 | Gauntlet | Found a transporter.
 16711 | Gauntlet | Found a transporter.
 16738 | Gauntlet | Found a transporter.
 16745 | Gauntlet | Found a transporter.
 16763 | Gauntlet | Found a transporter.
 16785 | Gauntlet | Found a transporter.
 16830 | Gauntlet | Found a transporter.
 16852 | Gauntlet | Found a transporter.
 16946 | Gauntlet | Found a transporter.
 16971 | Gauntlet | Found a transporter.
 17223 | Gauntlet | Killed a catoblepas
 17617 | Gauntlet | HP: 4/91 [death drake (11)]
 17940 | Gauntlet | Got a fine hand crossbow
 17980 | Gauntlet | Noticed a minotaur
 17992 | Gauntlet | Killed a minotaur
 18245 | D:13     | Reached XP level 13. HP: 88/97 MP: 13/13
 18983 | D:13     | Identified the +9 hand crossbow of the Skies Above {elec,
                  | +Blink rElec rPois Str-2} (You found it in a Gauntlet)
 19072 | D:13     | Found a gate to the Vaults.
 19072 | D:13     | Noticed a vault guard
 19095 | D:13     | Killed a vault guard
 19336 | D:14     | Found Buwegyte's Antique Weapon Shop.
 19446 | D:14     | Slain by a two-headed ogre

Illustrated notes

Levels and vault maps discovered:
D:1:      minmay_arrival_jagged, layout_basic
D:2:      layout_loops_ring, grunt_ministairs_9, grunt_gozag_breadcrumbs
D:3:      layout_basic, portal_sewer_entry_d, chequers_ecumenical_altar_lobes,
          grunt_ministairs_15, elyvilon_altar_3
D:4:      minmay_goblin_kobold_castle, layout_loops_corners,
          pdpol_wu_jian_five_deadly_venoms, grunt_decor_resistance,
          minmay_fractal_squares_gapless_5
D:5:      layout_basic, lemuel_doored_altar, slow_altar_1,
          nicolae_overflow_hidden_temple, small_statue_intersection,
          led_sif_book
D:6:      layout_rooms, nicolae_dithmenos_the_darkroom,
          grunt_temple_overflow_cloverleaf, minmay_temple_entry_stoned_glass,
          nicolae_elemental_shop, evilmike_ruin_ashenzari
D:7:      layout_basic, serial_shops, shop_coins
D:8:      layout_layer_cave, gammafunk_ghost_gnarly_gnolls
D:9:      layout_basic, lair_entry_dummy, orc_0_dummy, serial_co_window_serial,
          co_window_paths_a, co_window_paths_a, co_window_corner_a,
          co_window_corner_a, co_window_paths_a, co_window_broadway_a,
          co_window_2corner, co_window_of_opportunity_b
D:10:     layout_basic, basic_altar, uniq_snorg
D:11:     layout_grid_maze, serial_shops, shop
D:12:     kennysheep_four_of_diamonds, layout_irregular_city, uniq_fannar
D:13:     layout_loops_corners, grunt_vaults_entry_tiered,
          gauntlet_entry_generic, hangedman_decor_clover_reticule, drop_trap
D:14:     layout_small_grid, minmay_misc_feat_iff, serial_shops,
          nicolae_shop_crystal, kennysheep_dice

Skill      XL: |  1  2  3  4  5  6  7  8  9 10 11 12 13 |
---------------+----------------------------------------+-----
Long Blades    | 3 4 5 7 9 10 12 | 12.8
Fighting       | 4 5 6 8 9 10 12 13 | 13.0
Dodging        | 4 5 6 8 9 10 12 13 | 13.0
Shields        | 4 5 6 |  6.1

Action                   |  1- 3 |  4- 6 |  7- 9 | 10-12 | 13-15 || total
-------------------------+-------+-------+-------+-------+-------++-------
Melee: Long sword        |    52 |    84 |   400 |   388 |   151 ||  1075
       Constrict         |    18 |    29 |   118 |    53 |    33 ||   251
       Tentacles         |    10 |    18 |   113 |   138 |    48 ||   327
Throw: Dart              |       |       |       |     5 |       ||     5
Invok: Potion Petition   |       |       |     3 |       |       ||     3
       Call Merchant     |       |       |       |     2 |     1 ||     3
Evoke: Wand              |       |       |     8 |    43 |     2 ||    53
       Tin of tremorston |       |       |       |     2 |       ||     2
  Use: Scroll            |       |       |     7 |    22 |     2 ||    31
       Potion            |       |       |     2 |    11 |     1 ||    14
 Stab: Sleeping          |     7 |     3 |     6 |     9 |     3 ||    28
       Distracted        |       |       |     1 |     4 |       ||     5
       Paralysed         |       |       |       |     6 |       ||     6
       Invisible         |       |       |       |     1 |       ||     1
Armor: Skin              |     1 |     3 |    11 |     5 |     4 ||    24
Dodge: Dodged            |    21 |    58 |   249 |   241 |    74 ||   643
Block: Kite shield       |    24 |    61 |   102 |       |       ||   187
       Buckler           |       |       |    36 |   119 |    18 ||   173
       Reflection        |       |       |       |    12 |       ||    12
       Rpst.: Long sword |     6 |    16 |    67 |    49 |    24 ||   162
